 Dungeon Sprint DCSS version 0.18-a0-1267-gff090c1 (console) character file.

161734046 sorlin the Middleweight Champion (level 24, 245/245 (249) HPs)
             Began as a Ghoul Gladiator on Feb 6, 2016.
             Was the Champion of Makhleb.
             Escaped with the Orb
             ... and 17 runes!
             The game lasted 01:16:48 (11252 turns).

sorlin the Middleweight Champion (Ghoul Gladiator) Turns: 11252, Time: 01:16:48

HP:   245/245 (249) AC: 46    Str: 23    XL:     24   Next: 62%
MP:   53/53         EV: 21    Int:  3    God:    Makhleb [******]
Gold: 436           SH: 28    Dex: 18    Spells: 2 memorised, 73 levels left

rFire  + + .     SeeInvis .       - Unarmed
rCold  + + .     Gourm    .     L - +6 gold dragon armour
rNeg   + + +     Faith    .     x - +1 large shield
rPois  ∞         Spirit   .     r - +0 helmet of Autotheism {MR+ rCorr Slay+3}
rElec  .         Dismiss  .     C - +2 cloak {+Inv}
rCorr  +         Reflect  .     a - +1 pair of gloves
SustAt .         Harm     .     b - +2 pair of boots of the Assassin {DetectMon Stab+ Stlth++}
MR     ++...     NoTele   +     P - amulet "Uluer" {RegenMP rN+ Dex+2 Slay+3}
Stlth  ..........               z - ring of protection from fire
                                R - +3 ring of slaying

@: very slightly contaminated, rotting, very resistant to hostile enchantments,
extremely unstealthy
A: rotting body, claws 1, carnivore 3, cold resistance 1, negative energy
resistance 3, slow regeneration 1, torment resistance, unbreathing
a: Minor Destruction, Lesser Servant of Makhleb, Major Destruction, Greater
Servant of Makhleb, Renounce Religion, Evoke Invisibility
0: Orb of Zot
}: 17/15 runes: decaying, serpentine, barnacled, slimy, elven, silver, golden,
iron, obsidian, icy, bone, abyssal, glowing, magical, fiery, dark, gossamer


You escaped.
You worshipped Makhleb.
Makhleb was exalted by your worship.
You were not hungry.

You visited 1 branch You collected 1949 gold pieces.
You spent 1513 gold pieces at shops.

Inventory:

Armour
 a - a +1 pair of gloves (worn)
 b - the +2 pair of boots of the Assassin (worn) {DetectMon Stab+ Stlth++}
   (You found it in the Dungeon)

   It makes you much more stealthy.
 k - a +1 ice dragon armour
 r - the +0 helmet of Autotheism (worn) {MR+ rCorr Slay+3}
   (You found it in the Dungeon)

   It affects your accuracy and damage with ranged weapons and melee attacks
   (+3).
   It affects your resistance to hostile enchantments.
   It protects you from acid and corrosion.
 x - a +1 large shield (worn)
 C - a +2 cloak of invisibility (worn)
 L - a +6 gold dragon armour (worn)
 T - a +6 fire dragon armour
Jewellery
 s - an uncursed amulet of regeneration
 z - a ring of protection from fire (right hand)
 A - an uncursed ring of protection from cold
 B - an uncursed ring of see invisible
 F - a +4 ring of evasion
 H - a +4 ring of evasion
 P - the amulet "Uluer" (around neck) {RegenMP rN+ Dex+2 Slay+3}
   (You found it in the Dungeon)

   [amulet of magic regeneration]

   It increases your magic regeneration.
   It affects your dexterity (+2).
   It affects your accuracy and damage with ranged weapons and melee attacks
   (+3).
   It protects you from negative energy.
 R - a +3 ring of slaying (left hand)
 S - a +3 ring of slaying
Wands
 o - a wand of lightning (7/15)
 y - a wand of hasting (2/9)
Scrolls
 j - a scroll of blinking
 l - a scroll of identify
 m - 7 scrolls of remove curse
 n - 2 scrolls of amnesia
 t - 3 scrolls of recharging
 u - 5 scrolls of fear
 E - 4 scrolls of enchant weapon
Potions
 e - 4 potions of curing
 f - 2 potions of might
 g - a potion of brilliance
 h - 4 potions of magic
 q - 2 potions of agility
 J - a potion of flight
Books
 p - a book of Battle

   Spells                             Type                      Level
   a - Infusion                       Charms                       1
   b - Shroud of Golubria             Charms/Translocation         2
   c - Song of Slaying                Charms                       2
   d - Spectral Weapon                Hexes/Charms                 3
   e - Regeneration                   Charms/Necromancy            3
 w - a book of Party Tricks

   Spells                             Type                      Level
   a - Summon Butterflies             Summoning                    1
   b - Apportation                    Translocation                1
   c - Tukima's Dance                 Hexes                        3
   d - Alistair's Intoxication        Transmutation/Poison         5
   e - Invisibility                   Hexes                        6
Miscellaneous
 v - the horn of Geryon
Comestibles
 d - 9 meat rations


   Skills:
 O Level 27 Fighting
 - Level 1.7 Throwing
 O Level 27 Armour
 O Level 27 Dodging
 O Level 27 Shields
 O Level 27 Unarmed Combat
 O Level 27 Spellcasting
 O Level 27 Charms
 + Level 17.9 Summonings
 O Level 27 Necromancy
 O Level 27 Invocations
 O Level 27 Evocations


You had 73 spell levels left.
You knew the following spells:

 Your Spells              Type           Power        Failure   Level  Hunger
a - Summon Butterflies    Summ           ##......     1%          1    None
b - Regeneration          Chrm/Necr      ###.......   0%          3    ###....


Dungeon Overview and Level Annotations

Branches:
Dungeon (1/1)

Altars:
Cheibriados
Dithmenos
Elyvilon
Fedhas
Gozag
Kikubaaqudgha
Makhleb
Nemelex Xobeh
Okawaru
Pakellas
Qazlal
Ru
Sif Muna
Trog
Vehumet
Xom
Yredelemnul
Zin
The Shining One
Beogh
Jiyva
Lugonu

Shops:
D :*:?


Innate Abilities, Weirdness & Mutations

Your body is rotting away.
You thrive on raw meat.
You are immune to poison.
You have sharp fingernails.
You are carnivorous and can eat meat at any time.
Your flesh is cold resistant.
You are immune to negative energy.
You regenerate slowly when monsters are visible.
You are immune to unholy pain and torment.
You can survive without breathing.


Message History

The Brimstone Fiend is almost dead.
You pummel the Brimstone Fiend!!
You kill the Brimstone Fiend!
Makhleb accepts your kill.
Your skin is crawling a little less now.
Things that are here:
an enchanted short sword; 3 stones
There is an open door to the Dungeon here.
Casting: Summon Butterflies
Confirm with . or Enter, or press ? or * to list all spells.
Casting: Summon Butterflies
Confirm with . or Enter, or press ? or * to list all spells.
Unknown command.
Unknown command.
You swap places.
Your skin stops crawling.
You swap places.
There is a staircase leading out of the dungeon here.
You see here a stone.
You have escaped!

▓▓▓▓▓▓▓▓▓▓▓▓▓▓▓▓▓▓
▓@▓...▓...▓...▓...
▓b▓.▓.▓.▓.▓.▓.▓.▓.
▓.▓.▓.▓.▓.▓.▓.▓.▓.
▓b▓.▓.▓.▓.▓.▓.▓(▓.
▓b▓)▓.▓.▓.▓.▓.▓.▓.
▓b▓.▓.▓.▓{▓.▓.▓A▓.
▓b▓.▓.▓.▓.▓.▓.▓A▓.
▓.▓.▓)▓.▓.▓.▓.▓A▓.
▓.▓.▓.▓.▓.▓.▓.▓A▓.
▓.▓.▓.▓.▓.▓.▓'▓A▓.


There were no monsters in sight!

Vanquished Creatures
  Cerebov (D)
  Antaeus (D)
  Asmodeus (D)
  Ereshkigal (D)
  the Royal Jelly (D)
  Gloorx Vloq (D)
  Mnoleg (D)
  Lom Lobon (D)
  5 ancient liches (D)
  Dispater (D)
  Mara (D)
  3 orbs of fire (D)
  4 greater mummies (D)
  Boris (D)
  Margery (D)
  Frederick (D)
  Norris (D)
  A Killer Klown (D)
  Geryon (D)
  5 golden dragons (D)
  A Brimstone Fiend (D)
  8 electric golems (D)
  2 Hell Sentinels (D)
  Rupert (D)
  4 liches (D)
  2 Ice Fiends (D)
  3 tentacled monstrosities (D)
  36 Orb Guardians (D)
  A deep elf master archer (D)
  A Shadow Fiend (D)
  12 acid blobs (D)
  A death cob (D)
  9 pandemonium lords (D)
  5 deep elf blademasters (D)
  12 sphinxes (D)
  A tentacled starspawn (D)
  Agnes (D)
  2 storm dragons (D)
  4 greater nagas (D)
  9 shadow dragons (D)
  A draconian monk (D)
  5 azure jellies (D)
  Ilsuiw (D)
  A draconian knight (D)
  Maud (D)
  2 deep elf sorcerers (D)
  A warmonger (D)
  A frost giant (D)
  3 vault wardens (D)
  3 ghost moths (D)
  A draconian zealot (D)
  3 balrugs (D)
  2 emperor scorpions (D)
  A draconian shifter (D)
  An angel (D)
  A cacodemon (D)
  2 large abominations (D)
  2 reapers (D)
  4 very ugly things (D)
  A black draconian (D)
  5 vampire knights (D)
  5 stone giants (D)
  A blood saint (D)
  5 green draconians (D)
  A draconian caller (D)
  3 deep elf demonologists (D)
  2 purple draconians (D)
  3 mottled draconians (D)
  A dire elephant (D)
  A corrupter (D)
  A red draconian (D)
  A starcursed mass (D)
  Snorg (D)
  2 yellow draconians (D)
  A lorocyproca (D)
  A chaos champion (D)
  A deep elf death mage (D)
  3 white draconians (D)
  3 merfolk javelineers (D)
  4 mummy priests (D)
  4 merfolk impalers (D)
  2 green deaths (D)
  3 death oozes (D)
  25 vault guards (D)
  2 fire dragons (D)
  An ettin (D)
  An entropy weaver (D)
  Erolcha (D)
  2 deep elf high priests (D)
  2 yaktaur captains (D)
  2 naga warriors (D)
  2 monstrous demonspawn (D)
  A rakshasa (D)
  2 great orbs of eyes (D)
  A hell beast (D)
  3 hydras (D)
  9 ice dragons (D)
  2 merfolk avatars (D)
  2 centaur warriors (D)
  2 death knights (D)
  4 merfolk aquamancers (D)
  2 tengu warriors (D)
  A spriggan air mage (D)
  2 deep troll shamans (D)
  An ogre mage (D)
  2 alligators (D)
  2 shock serpents (D)
  10 orc high priests (D)
  4 hell knights (D)
  4 soul eaters (D)
  A shadow wraith (D)
  Nergalle (D)
  8 sun demons (D)
  A fire crab (D)
  An unseen horror (D)
  2 sea snakes (D)
  A skeletal warrior (D)
  A wizard (D)
  A sea snake (shapeshifter) (D)
  A shadow demon (D)
  A flayed ghost (D)
  3 cherubim (D)
  A death drake (shapeshifter) (D)
  2 infernal demonspawn (D)
  A phantasmal warrior (D)
  8 swamp dragons (D)
  A gelid demonspawn (D)
  2 hill giants (D)
  A deep elf archer (D)
  A hornet (D)
  2 ironbrand convokers (D)
  A necromancer (D)
  10 orc knights (D)
  2 orb spiders (D)
  A cyclops (D)
  A cyclops (shapeshifter) (D)
  4 manticores (D)
  9 sixfirhies (D)
  A toenail golem (D)
  A salamander (D)
  11 moths of wrath (D)
  3 rust devils (D)
  2 griffons (D)
  7 elephants (D)
  6 black mambas (D)
  4 smoke demons (D)
  3 naga magi (D)
  5 orange demons (D)
  2 guardian serpents (D)
  2 vault sentinels (D)
  4 spiny frogs (D)
  A fire drake (shapeshifter) (D)
  6 small abominations (D)
  A hellion (D)
  3 tormentors (D)
  7 ice devils (D)
  2 komodo dragons (D)
  2 demonic crawlers (D)
  A freezing wraith (D)
  A yaktaur (D)
  20 guardian mummies (D)
  A troll (D)
  A wandering mushroom (D)
  6 jumping spiders (D)
  An ancient zyme (D)
  4 merfolk (D)
  A giant leech (D)
  5 hellwings (D)
  8 red devils (D)
  A wind drake (shapeshifter) (D)
  3 slime creatures (D)
  2 boulder beetles (D)
  A snapping turtle (D)
  A tarantella (shapeshifter) (D)
  11 spriggans (D)
  2 shadows (D)
  4 redbacks (D)
  A ynoxinul (D)
  A wraith (D)
  Eustachio (D)
  2 hippogriffs (D)
  5 chaos spawn (D)
  4 neqoxecs (D)
  A wolf (D)
  A mottled dragon (D)
  3 nagas (D)
  3 porcupines (D)
  3 swamp drakes (D)
  11 orc warriors (D)
  A sky beast (D)
  A wasp (D)
  An ogre (D)
  An eye of draining (D)
  2 centaurs (D)
  A boggart (D)
  2 crocodiles (D)
  A giant frog (D)
  A killer bee (D)
  A crimson imp (D)
  2 orc priests (D)
  A jelly (D)
  3 orc wizards (D)
  A worker ant (D)
  An adder (D)
  3 river rats (D)
  2 shadow imps (D)
  2 white imps (D)
  2 giant eyeballs (D)
  2 ufetubi (D)
  An adder skeleton (D)
  11 orcs (D)
  A bat (D)
  A bat zombie (D)
  A hobgoblin (D)
  A giant cockroach zombie (D)
  A jackal zombie (D)
  2 kobolds (D)
  A quokka zombie (D)
  A rat (D)
  2 crawling corpses (D)
637 creatures vanquished.

Vanquished Creatures (others)
  A centaur warrior (D)
  An alligator (D)
  A spatial maelstrom (D)
  An orc knight (D)
  A naga mage (D)
  A red devil (D)
  A bog body (D)
  11 ball lightnings (D)
  2 blocks of ice (D)
20 creatures vanquished.

Grand Total: 657 creatures vanquished

Notes
Turn   | Place    | Note
--------------------------------------------------------------
     0 | D        | sorlin the Ghoul Gladiator began the quest for the Orb.
     0 | D        | Reached XP level 1. HP: 17/17 MP: 0/0
     4 | D        | Banished a spatial maelstrom
    10 | D        | Reached skill level 4 in Unarmed Combat
    99 | D        | Noticed a worker ant
   102 | D        | Reached skill level 5 in Unarmed Combat
   102 | D        | Reached XP level 2. HP: 23/26 MP: 1/1
   105 | D        | Reached skill level 6 in Unarmed Combat
   105 | D        | Reached XP level 3. HP: 21/34 MP: 2/2
   108 | D        | Reached skill level 7 in Unarmed Combat
   135 | D        | Found a glowing silver altar of Zin.
   135 | D        | Found a glowing golden altar of the Shining One.
   135 | D        | Found an ancient bone altar of Kikubaaqudgha.
   135 | D        | Found a basalt altar of Yredelemnul.
   135 | D        | Found a shimmering altar of Xom.
   135 | D        | Found a radiant altar of Vehumet.
   136 | D        | Found an iron altar of Okawaru.
   137 | D        | Found a burning altar of Makhleb.
   138 | D        | Found a deep blue altar of Sif Muna.
   139 | D        | Found a bloodstained altar of Trog.
   140 | D        | Found a sparkling altar of Nemelex Xobeh.
   141 | D        | Found a white marble altar of Elyvilon.
   142 | D        | Found a roughly hewn altar of Beogh.
   143 | D        | Found a viscous altar of Jiyva.
   144 | D        | Found a corrupted altar of Lugonu.
   145 | D        | Found a blossoming altar of Fedhas.
   147 | D        | Became a worshipper of Makhleb the Destroyer
   149 | D        | Found a snail-covered altar of Cheibriados.
   150 | D        | Found a shadowy altar of Dithmenos.
   151 | D        | Found a stormy altar of Qazlal.
   152 | D        | Found an opulent altar of Gozag.
   153 | D        | Found a sacrificial altar of Ru.
   154 | D        | Found an oddly glowing altar of Pakellas.
   205 | D        | Noticed a wasp
   205 | D        | Noticed a crocodile
   205 | D        | Noticed an orc warrior
   205 | D        | Noticed an ogre
   205 | D        | Noticed a centaur
   221 | D        | Killed a wasp
   221 | D        | Reached skill level 9 in Unarmed Combat
   221 | D        | Reached XP level 4. HP: 16/44 MP: 3/3
   221 | D        | Reached XP level 5. HP: 18/50 MP: 4/4
   227 | D        | Killed a crocodile
   227 | D        | Reached * piety under Makhleb
   227 | D        | Reached skill level 10 in Unarmed Combat
   238 | D        | Killed an orc warrior
   238 | D        | Reached skill level 11 in Unarmed Combat
   238 | D        | Reached XP level 6. HP: 23/61 MP: 5/5
   242 | D        | Reached skill level 5 in Armour
   245 | D        | Reached ** piety under Makhleb
   245 | D        | Reached XP level 7. HP: 34/69 MP: 6/6
   254 | D        | Noticed a troll
   254 | D        | Noticed a cyclops
   254 | D        | Noticed a manticore
   259 | D        | Reached skill level 12 in Unarmed Combat
   264 | D        | Reached *** piety under Makhleb
   271 | D        | Killed a troll
   271 | D        | Reached skill level 13 in Unarmed Combat
   277 | D        | Killed a cyclops
   277 | D        | Reached skill level 10 in Fighting
   277 | D        | Reached skill level 14 in Unarmed Combat
   277 | D        | Reached XP level 8. HP: 34/79 MP: 7/7
   280 | D        | Killed a manticore
   280 | D        | Reached **** piety under Makhleb
   477 | D        | Noticed a spiny frog
   477 | D        | Noticed a komodo dragon
   477 | D        | Noticed a black mamba
   477 | D        | Noticed a spiny frog
   477 | D        | Noticed a black mamba
   481 | D        | Killed a spiny frog
   481 | D        | Reached skill level 15 in Unarmed Combat
   481 | D        | Reached XP level 9. HP: 78/89 MP: 8/8
   485 | D        | Killed a komodo dragon
   485 | D        | Reached ***** piety under Makhleb
   500 | D        | Killed a black mamba
   500 | D        | Reached skill level 16 in Unarmed Combat
   506 | D        | Killed a spiny frog
   512 | D        | Killed a black mamba
   523 | D        | Reached ****** piety under Makhleb
   737 | D        | Noticed a spiny frog
   737 | D        | Noticed a griffon
   739 | D        | Reached skill level 10 in Armour
   739 | D        | Reached XP level 10. HP: 97/99 MP: 9/9
   744 | D        | Reached skill level 17 in Unarmed Combat
   746 | D        | Killed a spiny frog
   749 | D        | Killed a griffon
   758 | D        | Reached skill level 18 in Unarmed Combat
   777 | D        | Noticed an elephant
   777 | D        | Noticed an elephant
   777 | D        | Noticed an elephant
   777 | D        | Noticed a dire elephant
   777 | D        | Noticed an elephant
   777 | D        | Noticed an elephant
   784 | D        | Killed an elephant
   790 | D        | Noticed an elephant
   799 | D        | Killed a dire elephant
   802 | D        | Killed an elephant
   804 | D        | Killed an elephant
   804 | D        | Reached XP level 11. HP: 73/110 MP: 10/10
   807 | D        | Reached skill level 19 in Unarmed Combat
   918 | D        | Noticed Erolcha
   925 | D        | Killed Erolcha
  1057 | D        | Noticed an orc knight
  1073 | D        | Reached skill level 20 in Unarmed Combat
  1082 | D        | Killed an orc knight
  1082 | D        | Reached skill level 1 in Invocations
  1086 | D        | Reached skill level 15 in Fighting
  1159 | D        | Found Noxkack's Book Emporium.
  1159 | D        | Noticed an orc high priest
  1159 | D        | Noticed an orc high priest
  1159 | D        | Noticed an orc high priest
  1159 | D        | Noticed an orc high priest
  1159 | D        | Noticed an orc high priest
  1163 | D        | Killed an orc high priest
  1178 | D        | Noticed an orc knight
  1179 | D        | Noticed a soul eater
  1184 | D        | Found Izi Nyn's Assorted Antiques.
  1184 | D        | Noticed an orc high priest
  1184 | D        | HP: 1/112 [orc high priest/divine providence (13)]
  1187 | D        | Killed an orc high priest
  1190 | D        | Killed an orc high priest
  1190 | D        | Reached skill level 5 in Dodging
  1194 | D        | Killed an orc high priest
  1194 | D        | Reached skill level 21 in Unarmed Combat
  1195 | D        | Found Ocvybed's Book Emporium.
  1197 | D        | Noticed an orc knight
  1199 | D        | Killed an orc high priest
  1199 | D        | Reached XP level 12. HP: 47/122 MP: 12/12
  1206 | D        | Found Dutwix's Magic Scroll Shoppe.
  1208 | D        | Noticed an orc high priest
  1212 | D        | Noticed an orc high priest
  1212 | D        | Killed an orc high priest
  1213 | D        | Noticed an orc high priest
  1224 | D        | Noticed an orc high priest
  1225 | D        | Killed an orc high priest
  1233 | D        | Killed an orc high priest
  1236 | D        | Killed an orc high priest
  1236 | D        | Reached skill level 22 in Unarmed Combat
  1243 | D        | Killed an orc high priest
  1300 | D        | Bought a potion of might for 108 gold pieces
  1300 | D        | Bought a potion of heal wounds for 135 gold pieces
  1304 | D        | Bought a scroll of identify for 20 gold pieces
  1304 | D        | Bought a scroll of identify for 20 gold pieces
  1304 | D        | Bought a scroll of enchant armour for 75 gold pieces
  1304 | D        | Bought a scroll of enchant armour for 75 gold pieces
  1306 | D        | Bought a book of Battle for 480 gold pieces
  1306 | D        | Bought a book of Party Tricks for 600 gold pieces
  1308 | D        | Learned a level 1 spell: Summon Butterflies
  1314 | D        | Learned a level 3 spell: Regeneration
  1378 | D        | Noticed Eustachio
  1389 | D        | Killed Eustachio
  1474 | D        | Got the +6 scale mail of the Ancient Moons {rF+}
  1542 | D        | Noticed a centaur warrior
  1545 | D        | Noticed a rakshasa
  1550 | D        | Reached skill level 1 in Summonings
  1561 | D        | Killed a centaur warrior
  1567 | D        | Noticed a great orb of eyes
  1574 | D        | Noticed an ettin
  1579 | D        | Killed a rakshasa
  1583 | D        | Noticed a stone giant
  1592 | D        | Noticed a centaur warrior
  1595 | D        | Killed a great orb of eyes
  1601 | D        | Killed a stone giant
  1601 | D        | Reached skill level 23 in Unarmed Combat
  1603 | D        | Killed an ettin
  1603 | D        | Reached XP level 13. HP: 103/132 MP: 13/13
  1673 | D        | Noticed Rupert
  1677 | D        | Paralysed by Rupert for 4 turns
  1694 | D        | Killed Rupert
  1694 | D        | Reached skill level 10 in Dodging
  1942 | D        | Reached skill level 24 in Unarmed Combat
  2140 | D        | Reached skill level 25 in Unarmed Combat
  2210 | D        | Noticed Maud
  2217 | D        | Killed Maud
  2248 | D        | Noticed Agnes
  2259 | D        | Killed Agnes
  2259 | D        | Reached XP level 14. HP: 115/146 MP: 14/14
  2315 | D        | Noticed a green very ugly thing
  2315 | D        | Noticed a frost giant
  2318 | D        | Killed a green very ugly thing
  2320 | D        | Noticed a cyan very ugly thing
  2325 | D        | Killed a frost giant
  2332 | D        | Reached skill level 26 in Unarmed Combat
  2343 | D        | Noticed a red very ugly thing
  2344 | D        | Noticed a stone giant
  2411 | D        | Killed a cyan very ugly thing
  2478 | D        | Killed a red very ugly thing
  2514 | D        | Killed a stone giant
  2568 | D        | Noticed a brown very ugly thing
  2581 | D        | Killed a brown very ugly thing
  2581 | D        | Reached skill level 27 in Unarmed Combat
  2656 | D        | Noticed a lich
  2661 | D        | Noticed a purple draconian
  2667 | D        | Killed a purple draconian
  2677 | D        | Reached skill level 15 in Dodging
  2681 | D        | Killed a lich
  2721 | D        | Reached XP level 15. HP: 116/160 MP: 15/15
  2963 | D        | Noticed Snorg
  2977 | D        | Killed Snorg
  3086 | D        | Got the +0 helmet of Autotheism {MR+ rCorr Slay+3}
  3186 | D        | Noticed Mara
  3195 | D        | Noticed sorlin's illusion
  3206 | D        | Noticed sorlin's illusion
  3253 | D        | Noticed sorlin's illusion
  3490 | D        | Killed Mara
  3575 | D        | Noticed Ilsuiw
  3600 | D        | Killed Ilsuiw
  3661 | D        | Got a barnacled rune of Zot
  3747 | D        | Got a decaying rune of Zot
  3773 | D        | Noticed an emperor scorpion
  3785 | D        | Killed a ghost moth
  3804 | D        | Killed an emperor scorpion
  3816 | D        | Reached skill level 15 in Armour
  3866 | D        | Noticed an emperor scorpion
  3881 | D        | Killed an emperor scorpion
  3894 | D        | Killed a ghost moth
  3894 | D        | Reached XP level 16. HP: 180/180 MP: 0/16
  3908 | D        | Got a gossamer rune of Zot
  4011 | D        | Noticed a greater naga
  4011 | D        | Noticed a greater naga
  4012 | D        | Noticed a greater naga
  4025 | D        | Killed a greater naga
  4032 | D        | Killed a greater naga
  4046 | D        | Noticed a greater naga
  4046 | D        | Killed a greater naga
  4052 | D        | Killed a greater naga
  4096 | D        | Got a serpentine rune of Zot
  4199 | D        | Reached skill level 27 in Fighting
  4225 | D        | Reached skill level 5 in Summonings
  4439 | D        | Noticed an ancient lich
  4465 | D        | Killed an ancient lich
  4465 | D        | Reached XP level 17. HP: 190/190 MP: 17/21
  4558 | D        | Got a fine pewter ring
  4559 | D        | Identified the ring "Iwismuucw" {Ice +Blink Int+5} (You found it in the Dungeon)
  4601 | D        | Reached skill level 10 in Invocations
  4666 | D        | Got a silver rune of Zot
  4741 | D        | Noticed Nergalle
  4744 | D        | Noticed Margery
  4749 | D        | Killed Nergalle
  4767 | D        | Killed Margery
  4843 | D        | Got the ring of Anarchy {rCorr Dex+6}
  4845 | D        | Got the amulet "Uluer" {RegenMP rN+ Dex+2 Slay+3}
  4847 | D        | Got the ring "Kiev" {*Drain +Inv rPois Slay+2}
  4923 | D        | Got the +0 cloak of Limited Liability {-Cast +Fly rElec rPois}
  5017 | D        | Noticed Norris
  5019 | D        | Noticed Frederick
  5028 | D        | Killed Norris
  5040 | D        | Killed Frederick
  5164 | D        | Noticed Boris
  5176 | D        | Killed Boris
  5225 | D        | Reached skill level 15 in Invocations
  5252 | D        | Noticed a golden dragon
  5273 | D        | Killed a golden dragon
  5273 | D        | Reached XP level 18. HP: 112/199 MP: 28/28
  5284 | D        | Noticed a golden dragon
  5316 | D        | Killed a golden dragon
  5369 | D        | Noticed an electric golem
  5370 | D        | Noticed a tentacled monstrosity
  5397 | D        | Killed a tentacled monstrosity
  5415 | D        | Killed an electric golem
  5446 | D        | Reached skill level 1 in Shields
  5496 | D        | Reached skill level 5 in Shields
  5538 | D        | Noticed a golden dragon
  5539 | D        | Noticed a tentacled monstrosity
  5548 | D        | Killed a golden dragon
  5556 | D        | Killed a tentacled monstrosity
  5565 | D        | Reached skill level 27 in Armour
  5612 | D        | Reached skill level 10 in Shields
  5780 | D        | Noticed an Orb Guardian
  5780 | D        | Noticed an Orb Guardian
  5780 | D        | Noticed an Orb Guardian
  5780 | D        | Noticed an Orb Guardian
  5780 | D        | Noticed an Orb Guardian
  5780 | D        | Noticed an Orb Guardian
  5781 | D        | Noticed an Orb Guardian
  5782 | D        | Killed an Orb Guardian
  5789 | D        | Killed an Orb Guardian
  5795 | D        | Killed an Orb Guardian
  5795 | D        | Reached XP level 19. HP: 207/207 MP: 30/30
  5814 | D        | Reached skill level 15 in Shields
  5845 | D        | Noticed a tentacled monstrosity
  5848 | D        | Killed a tentacled monstrosity
  5858 | D        | Reached skill level 5 in Evocations
  5899 | D        | Noticed an ancient lich
  5909 | D        | Killed an ancient lich
  5909 | D        | Reached skill level 27 in Dodging
  5912 | D        | Noticed an orb of fire
  5921 | D        | Killed an orb of fire
  5921 | D        | Reached skill level 10 in Evocations
  5961 | D        | Noticed an electric golem
  5972 | D        | Killed an electric golem
  5988 | D        | Noticed an electric golem
  5988 | D        | Noticed an electric golem
  5988 | D        | Noticed a golden dragon
  5988 | D        | Noticed an electric golem
  5988 | D        | Noticed a Killer Klown
  5997 | D        | Noticed an orb of fire
  6004 | D        | Killed an electric golem
  6010 | D        | Noticed an electric golem
  6012 | D        | Killed an electric golem
  6019 | D        | Killed an electric golem
  6028 | D        | Killed an orb of fire
  6037 | D        | Noticed an electric golem
  6037 | D        | Killed a golden dragon
  6047 | D        | Killed a Killer Klown
  6047 | D        | Reached XP level 20. HP: 215/215 MP: 31/31
  6059 | D        | Noticed an electric golem
  6065 | D        | Noticed a golden dragon
  6068 | D        | Killed an electric golem
  6068 | D        | Reached skill level 15 in Evocations
  6073 | D        | Noticed an orb of fire
  6078 | D        | Killed an electric golem
  6081 | D        | Killed a golden dragon
  6086 | D        | Killed an orb of fire
  6095 | D        | Killed an electric golem
  6242 | D        | Reached skill level 27 in Shields
  6350 | D        | Noticed an ancient lich
  6350 | D        | Noticed an ancient lich
  6354 | D        | Reached skill level 1 in Charms
  6354 | D        | Reached skill level 1 in Necromancy
  6360 | D        | Killed an ancient lich
  6360 | D        | Reached skill level 5 in Charms
  6360 | D        | Reached skill level 5 in Necromancy
  6361 | D        | Noticed an ancient lich
  6372 | D        | Killed an ancient lich
  6393 | D        | Killed an ancient lich
  6393 | D        | Reached skill level 10 in Necromancy
  6393 | D        | Reached XP level 21. HP: 224/224 MP: 34/36
  6429 | D        | Reached skill level 10 in Charms
  6589 | D        | Got an elven rune of Zot
  6631 | D        | Reached skill level 27 in Invocations
  6633 | D        | Noticed the Royal Jelly
  6637 | D        | Paralysed by a giant eyeball for 2 turns
  6641 | D        | Reached skill level 15 in Necromancy
  6657 | D        | Reached skill level 15 in Charms
  6675 | D        | Killed the Royal Jelly
  6726 | D        | Got a slimy rune of Zot
  6965 | D        | Reached skill level 5 in Spellcasting
  6986 | D        | Reached XP level 22. HP: 223/233 MP: 38/38
  7117 | D        | Reached skill level 10 in Spellcasting
  7132 | D        | Noticed a greater mummy
  7132 | D        | Noticed a greater mummy
  7133 | D        | Noticed a greater mummy
  7137 | D        | Noticed a greater mummy
  7149 | D        | Killed a greater mummy
  7171 | D        | Killed a greater mummy
  7181 | D        | Killed a greater mummy
  7192 | D        | Killed a greater mummy
  7201 | D        | Got a golden rune of Zot
  7258 | D        | Got an abyssal rune of Zot
  7399 | D        | Noticed Geryon
  7417 | D        | Killed Geryon
  7420 | D        | Noticed Asmodeus
  7420 | D        | Noticed Gloorx Vloq
  7421 | D        | Noticed Mnoleg
  7451 | D        | Killed Asmodeus
  7490 | D        | HP: 8/233 [Gloorx Vloq/dispel undead (52)]
  7506 | D        | Killed Gloorx Vloq
  7506 | D        | Reached skill level 15 in Spellcasting
  7526 | D        | Killed Mnoleg
  7599 | D        | Noticed Lom Lobon
  7884 | D        | Got an obsidian rune of Zot
  7893 | D        | Noticed Antaeus
  7997 | D        | Killed Lom Lobon
  8021 | D        | Killed Antaeus
  8021 | D        | Reached XP level 23. HP: 165/240 MP: 41/43
  8062 | D        | Noticed Dispater
  8092 | D        | Killed Dispater
  8116 | D        | Noticed Ereshkigal
  8127 | D        | Noticed Cerebov
  8192 | D        | Killed Ereshkigal
  8230 | D        | Killed Cerebov
  8230 | D        | Reached skill level 27 in Necromancy
  8234 | D        | Got a dark rune of Zot
  8595 | D        | Got a glowing rune of Zot
  8599 | D        | Got a magical rune of Zot
  8603 | D        | Got an icy rune of Zot
  8609 | D        | Got an iron rune of Zot
  8613 | D        | Got a bone rune of Zot
  8617 | D        | Got a fiery rune of Zot
  9030 | D        | Got the Orb of Zot
  9563 | D        | Noticed Hyostyaph the pandemonium lord
  9571 | D        | Killed Hyostyaph the pandemonium lord
  9833 | D        | Lost intelligence.
  9838 | D        | Noticed Degats the pandemonium lord
  9849 | D        | Killed Degats the pandemonium lord
  9954 | D        | Noticed Laewuuf the pandemonium lord
  9965 | D        | Killed Laewuuf the pandemonium lord
  9974 | D        | Reached skill level 27 in Charms
 10256 | D        | Noticed a seraph
 10451 | D        | Reached XP level 24. HP: 200/249 MP: 48/48
 10575 | D        | Noticed Muqo the pandemonium lord
 10590 | D        | Killed Muqo the pandemonium lord
 10758 | D        | Noticed Acabrael the pandemonium lord
 10776 | D        | Killed Acabrael the pandemonium lord
 10776 | D        | Reached skill level 27 in Evocations
 10879 | D        | Lost intelligence.
 10897 | D        | Noticed Vaijo the pandemonium lord
 10917 | D        | Killed Vaijo the pandemonium lord
 10933 | D        | Noticed Dixaacuu the pandemonium lord
 10938 | D        | Killed Dixaacuu the pandemonium lord
 10938 | D        | Reached skill level 27 in Spellcasting
 10938 | D        | Reached skill level 10 in Summonings
 10967 | D        | Noticed Ciacabb the pandemonium lord
 10985 | D        | Killed Ciacabb the pandemonium lord
 11016 | D        | Noticed Utarongu the pandemonium lord
 11031 | D        | Killed Utarongu the pandemonium lord
 11031 | D        | Reached skill level 15 in Summonings
 11252 | D        | Escaped with the Orb!

Vault maps used:
D:        linesprint

Action                   |  1- 3 |  4- 6 |  7- 9 | 10-12 | 13-15 | 16-18 | 19-21 | 22-24 || total
-------------------------+-------+-------+-------+-------+-------+-------+-------+-------++-------
Melee: Unarmed           |    44 |    20 |    77 |   264 |   602 |   667 |   547 |  1007 ||  3228
Throw: Throwing net      |       |       |     1 |     3 |       |       |       |       ||     4
 Cast: Summon Butterflie |       |       |       |       |       |     1 |       |     4 ||     5
       Regeneration      |       |       |       |       |       |       |     3 |    13 ||    16
Invok: Greater Servant o |       |       |       |       |       |       |       |     2 ||     2
       Major Destruction |       |       |       |       |       |       |       |     1 ||     1
 Abil: Evoke Invisibilit |       |       |       |       |       |       |     1 |     1 ||     2
Evoke: Wand              |       |       |       |       |       |       |     1 |     6 ||     7
       Horn of Geryon    |       |       |       |       |       |       |       |     3 ||     3
  Use: Potion            |     3 |     3 |       |     3 |     3 |       |       |    16 ||    28
       Scroll            |       |       |       |       |     3 |     5 |       |    12 ||    20
 Stab: Invisible         |     1 |     3 |     2 |       |       |       |       |     2 ||     8
       Confused          |       |       |       |       |     1 |       |       |       ||     1
       Distracted        |       |       |       |       |       |     3 |       |       ||     3
       Sleeping          |       |       |       |       |       |     1 |     1 |       ||     2
  Eat: Chunk             |     4 |       |     6 |    12 |    57 |    33 |    13 |     9 ||   134
       Meat ration       |       |       |       |       |       |       |       |     5 ||     5
